 Dungeon Crawl Stone Soup version 0.26-a0-30-g56b8cd3df0 (webtiles) character file.

Game seed: 12844944260312723236, levelgen mode: deterministic

750 Gwenloh the Insei (level 7, -4/56 HPs)
             Began as a Demigod Transmuter on June 1, 2020.
             Splashed by a jelly's acid (11 damage)
             ... on level 5 of the Dungeon.
             The game lasted 00:21:34 (6027 turns).

Gwenloh the Insei (Demigod Transmuter)              Turns: 6027, Time: 00:21:34

Health: -4/56      AC: -6    Str: 13    XL:     7   Next: 24%
Magic:  11/14      EV: 21    Int: 27    God:
Gold:   255        SH:  0    Dex: 21    Spells: 2/12 levels left

rFire    . . .     SeeInvis .     - Unarmed
rCold    . . .     Gourm    .   (shield currently unavailable)
rNeg     . . .     Faith    .   (armour currently unavailable)
rPois    x         Spirit   .   (helmet currently unavailable)
rElec    .         Reflect  .   (cloak currently unavailable)
rCorr    .         Harm     .   (gloves currently unavailable)
MR       .....                  (boots currently unavailable)
Stlth    ++........             (no amulet)
HPRegen  0.18/turn              c - +6 ring of intelligence
MPRegen  0.14/turn              (no ring)

@: spider-form, corroded
A: tiny, high mp 1
a: End Transformation


You were on level 5 of the Dungeon.
You were not hungry.
You were a venomous arachnid creature.
You visited 1 branch of the dungeon, and saw 5 of its levels.

You collected 255 gold pieces.

Inventory:

Hand Weapons
 a - a +0 dagger of holy wrath (melded)
 b - a +0 hunting sling
Missiles
 f - 39 bolts
 h - 193 stones
 l - a throwing net
 p - 41 sling bullets
 y - 29 arrows
 A - 19 poisoned darts (quivered)
Armour
 o - a +0 robe (melded)
 s - a +0 pair of boots (melded)
 t - a +0 helmet
 x - a +0 leather armour
Jewellery
 c - a +6 ring of intelligence (left front leg)
Scrolls
 e - 3 scrolls of identify {unknown}
 g - 4 scrolls of remove curse {unknown}
 i - a scroll of enchant weapon {unknown}
 k - 3 scrolls of fear {unknown}
 m - a scroll of blinking {unknown}
 r - 2 scrolls of teleportation {unknown}
 v - a scroll of magic mapping {unknown}
Potions
 j - 4 potions of curing
 n - 2 potions of degeneration {unknown}
 q - a potion of ambrosia {unknown}
 u - 2 potions of heal wounds {unknown}
 w - a potion of might {unknown}
 z - a potion of berserk rage {unknown}
 B - a potion of magic {unknown}
Comestibles
 d - 12 rations


   Skills:
 + Level 2.5 Fighting
 + Level 3.1 Dodging
 * Level 4.7 Unarmed Combat
 + Level 3.0 Spellcasting
 * Level 4.2 Transmutations
 + Level 0.9 Ice Magic
 - Level 1.6 Poison Magic


You had 2 spell levels left.
You knew the following spells:

 Your Spells              Type           Power        Failure   Level  Hunger
a - Beastly Appendage     Tmut           ####..       7%          1    None
b - Sticks to Snakes      Tmut           ####....     9%          2    #......
c - Spider Form           Tmut/Pois      ###.......   21%         3    ###....
d - Ice Form              Ice/Tmut       ###.....     52%         4    ####...

Your spell library contained the following spells:

 Spells                   Type           Power        Failure   Level  Hunger
 Passwall                 Tmut/Erth      ###.....     16%         2    #......
 Sandblast                Erth           #.....       22%         1    None
 Confusing Touch          Hex            #.......     47%         3    ###....
 Gell's Gravitas          Tloc           #.........   47%         3    ###....
 Stone Arrow              Conj/Erth      #.....       47%         3    ###....
 Petrify                  Tmut/Erth      ###.....     58%         4    ####...
 Blade Hands              Tmut           ####......   61%         5    ######.
 Yara's Violent Unravell  Hex/Tmut       ###.......   87%         5    ######.
 Metabolic Englaciation   Hex/Ice        #.........   97%         5    ######.
 Lee's Rapid Deconstruct  Erth           #.........   98%         5    ######.


Dungeon Overview and Level Annotations

Branches:
Dungeon (5/15)             Temple (0/1) D:4

Shops:
D:4 =

Annotations:
D:5 1 runed translucent door


Innate Abilities, Weirdness & Mutations

You have an increased reservoir of magic. (+10% MP)


Message History

The jelly hits you.
You are splashed with acid!
You hit the jelly but do no damage.
Your hands burn!
* * * LOW HITPOINT WARNING * * *
The jelly is almost dead.
The jelly hits you.
* * * LOW HITPOINT WARNING * * *
The acid corrodes you!
You are splashed with acid.
* * * LOW HITPOINT WARNING * * *
Casting: Beastly Appendage (safe; 1% risk of failure)
Confirm with . or Enter, or press ? or * to list all spells.
Your horns disappear.
You turn into a venomous arachnid creature.
Your +0 dagger of holy wrath melds into your body.
Your +0 pair of boots melds into your body.
Your +0 robe melds into your body.
Your +0 dagger of holy wrath stops glowing.
The jelly hits you.
* * * LOW HITPOINT WARNING * * *
You are splashed with acid!
You die...

... ... #.# ## #.#
... ##### #.# ....
...(.####.##.....
#####.............
.......sJ.<.((.(..
#.###.####........
.. ###..#### ...
..... ... .### ..
.# . . ##


You could see a jelly.

Vanquished Creatures
  Grinder (D:4)
  An ogre (D:4)
  A hound (D:4)
  3 orc priests (D:4)
  2 orc wizards (D:4)
  Natasha (twice) (D:4)
  A worker ant (D:4)
  A hound skeleton (D:4)
  7 adders
  2 worms
  A dart slug (D:1)
  3 leopard geckos
  13 orcs
  5 bats
  4 giant cockroaches
  8 goblins
  5 hobgoblins
  2 jackals (D:4)
  2 quokkas (D:2)
  3 ball pythons
  4 frilled lizards
  A quokka zombie (D:4)
  3 rats
75 creatures vanquished.

Vanquished Creatures (collateral kills)
  2 worker ants (D:4)
  3 adders
  An orc (D:4)
6 creatures vanquished.

Grand Total: 81 creatures vanquished

Notes
Turn   | Place    | Note
-------+----------+-------------------------------------------
     0 | D:1      | Gwenloh the Demigod Transmuter began the quest for the Orb.
     0 | D:1      | Reached XP level 1. HP: 15/15 MP: 5/5
   215 | D:1      | Reached skill level 1 in Fighting
   508 | D:1      | Reached XP level 2. HP: 19/23 MP: 5/7
   533 | D:1      | Learned a level 2 spell: Sticks to Snakes
  1398 | D:2      | Reached XP level 3. HP: 21/28 MP: 4/8
  2028 | D:2      | Learned a level 3 spell: Spider Form
  2629 | D:2      | Reached XP level 4. HP: 35/35 MP: 8/10
  2689 | D:2      | Found a sparkling altar of Nemelex Xobeh.
  3755 | D:4      | Noticed an ogre
  3766 | D:4      | Killed an ogre
  3766 | D:4      | Reached skill level 1 in Poison Magic
  3766 | D:4      | Reached XP level 5. HP: 41/41 MP: 7/11
  3843 | D:4      | Noticed Natasha
  3850 | D:4      | Killed Natasha
  4135 | D:4      | Reached XP level 6. HP: 46/48 MP: 10/12
  4153 | D:4      | Learned a level 4 spell: Ice Form
  4589 | D:4      | Found Itool's Jewellery Shoppe.
  4712 | D:4      | Noticed Natasha
  4724 | D:4      | Killed Natasha
  5028 | D:4      | Found a staircase to the Ecumenical Temple.
  5422 | D:4      | Noticed Grinder
  5422 | D:4      | Paralysed by Grinder for 4 turns
  5434 | D:4      | Paralysed by Grinder for 3 turns
  5457 | D:4      | Killed Grinder
  5457 | D:4      | Reached XP level 7. HP: 9/56 MP: 12/14
  5930 | D:5      | Entered Level 5 of the Dungeon
  5936 | D:5      | Found a runed translucent door.
  6027 | D:5      | Splashed by a jelly's acid

Illustrated notes

Levels and vault maps discovered:
D:1:      lightli_arrival_flooded_house, layout_basic
D:2:      layout_basic, marbit_many_paths
D:3:      layout_rooms, first_ration, minmay_misc_feat_cross
D:4:      layout_loops_ring, temple_doors_e, serial_shops, shop,
          minmay_circle_x, uniq_natasha, uniq_grinder
D:5:      layout_basic, lightli_church_of_beogh, uniq_blork_the_orc

Skill      XL: |  1  2  3  4  5  6 |
---------------+-------------------+-----
Transmutations | 2 3 4 |  4.2
Fighting       | 1 2 |  2.5
Unarmed Combat | 3 4 |  4.7
Spellcasting   | 2 3 |  3.0
Dodging        | 2 3 |  3.1
Poison Magic   | 1 |  1.6
Ice Magic      | |  0.9

Action                   |  1- 3 |  4- 6 |  7- 9 || total
-------------------------+-------+-------+-------++-------
Melee: Unarmed           |    88 |   101 |       ||   189
       Headbutt          |     4 |     9 |       ||    13
       Kick              |     6 |       |       ||     6
       Dagger            |       |    67 |     4 ||    71
       Punch             |       |     3 |     1 ||     4
 Fire: Hunting sling     |    29 |    55 |     3 ||    87
Throw: Stone             |    13 |     3 |       ||    16
       Dart              |       |     2 |       ||     2
 Cast: Beastly Appendage |    24 |    16 |     1 ||    41
       Sticks to Snakes  |     6 |     6 |       ||    12
       Spider Form       |       |    10 |     1 ||    11
  Use: Potion            |     1 |       |       ||     1
 Stab: Sleeping          |     1 |       |       ||     1
       Distracted        |       |     1 |       ||     1
  Eat: Chunk             |     6 |    10 |       ||    16
       Ration            |       |       |     1 ||     1
Armor: Robe              |    14 |    18 |     1 ||    33
       Skin              |       |     1 |       ||     1
Dodge: Dodged            |    59 |   121 |     1 ||   181

Table legend:
 A = Non-vault XP
 B = Vault XP
 C = Vault XP percentage of total XP
 D = Non-vault monster count
 E = Vault monster count
 F = Vault count percentage of total count
                 A         B        C        D         E       F
            +---------+---------+-------+---------+---------+-------
      Total |     744 |     328 |  30.6 |      76 |       5 |   6.2
            +---------+---------+-------+---------+---------+-------
        D:1 |      27 |       0 |   0.0 |      15 |       0 |   0.0
        D:2 |      96 |       2 |   2.0 |      23 |       1 |   4.2
        D:3 |      23 |       0 |   0.0 |       6 |       0 |   0.0
        D:4 |     598 |     326 |  35.3 |      32 |       4 |  11.1
            +---------+---------+-------+---------+---------+-------
